 Dungeon Crawl Stone Soup version 0.32-a0-961-gd60f5e5fc7 (webtiles) character file.

Game seed: 19476757108632690

144 trashops the Chopper (level 5, -1/46 HPs)
             Began as a Mountain Dwarf Fighter on Apr 18, 2024.
             Slain by an orc
             ... wielding a +0 whip
              (5 damage)
             ... on level 2 of the Dungeon.
             The game lasted 00:03:04 (1375 turns).

trashops the Chopper (Mountain Dwarf Fighter)       Turns: 1375, Time: 00:03:04

Health: -1/46      AC:  9    Str: 27    XL:     5   Next: 5%
Magic:  0/5        EV:  8    Int:  8    God:
Gold:   208        SH:  0    Dex:  9    Spells: 4/4 levels left

rFire   . . .        a - +0 war axe
rCold   . . .        c - +0 buckler
rNeg    . . .        b - +0 scale mail
rPois   .            i - +1 helmet
rElec   .            (no cloak)
rCorr   .            (no gloves)
SInv    .            (no boots)
Will    .....        f - amulet of guardian spirit Stlth
                     g - +6 ring of strength
HPRegen 0.27/turn    (no ring)
MPRegen 0.09/turn

%: guardian spirit
@: confused
A: runic magic, artefact enchanting
a: no special abilities


You were on level 2 of the Dungeon.
You visited 1 branch of the dungeon, and saw 3 of its levels.

You collected 208 gold pieces.

Inventory:

Hand Weapons
 a - a +0 war axe (weapon)
Armour
 b - a +0 scale mail (worn)
 c - a +0 buckler (worn)
 i - a +1 helmet (worn)
Jewellery
 f - an amulet of guardian spirit (around neck)
 g - a +6 ring of strength (left hand)
Scrolls
 e - a scroll of identify
 h - 3 scrolls of blinking
 j - a scroll of fog {unknown}
 l - a scroll of teleportation {unknown}
 m - 2 scrolls of enchant weapon {unknown}
 o - a scroll of immolation {unknown}
 p - a scroll of torment {unknown}
Potions
 d - a potion of might


   Skills:
 + Level 3.7 Fighting
 * Level 5.3 Axes
 + Level 3.9 Armour
 + Level 3.6 Shields


You had 4 spell levels left.
You didn't know any spells.
Your spell library was empty.

Dungeon Overview and Level Annotations

Branches:
Dungeon (3/15)

Altars:

Annotations:
D:3 Sigmund


Innate Abilities, Weirdness & Mutations

Your spellcasting is much less encumbered by armour.
You can use scrolls of enchantment on lesser artefacts.


Message History

You hit the adder but do no damage.
You hear some strange, mumbled words.
Something tries to affect you, but you resist.
The gnoll hits you with a +0 club. The gnoll hits you with a +0 flail.
The adder bites you but does no damage. Something hits you but does no damage.
The gnoll hits you with a +0 club. The gnoll barely misses you.
You hit the gnoll.
You kill the gnoll!
You miss something. You hit the gnoll. You hit the adder.
The adder closely misses you. The gnoll barely misses you.
Something hits you but does no damage. The adder bites you but does no damage.
Something hits you but does no damage.
Items here: ))) †.
You barely miss the adder.
The adder is severely wounded.
The adder bites you but does no damage. The adder closely misses you.
You closely miss the adder.
The adder is severely wounded.
The adder bites you.
You are poisoned.
The adder poisons you! The adder barely misses you.
You hit the adder.
You kill the adder!
You feel sick.
You feel sick. The orc barely misses you. The gnoll hits you with a +0 club.
* * * LOW HITPOINT WARNING * * *
Something hits you.
* * * LOW HITPOINT WARNING * * *
Items here: ))) †.
You slash the gnoll!
You kill the gnoll!
You closely miss the orc. You hit something but do no damage.
You feel sick.
You are no longer poisoned.
The orc hits you with a +0 whip.
* * * LOW HITPOINT WARNING * * *
You hear some strange, mumbled words.
You are confused.
You have reached level 5!
You're too confused to move!
The orc hits you with a +0 whip.
You die...

#............#
#.##########.#
####.##########.#
#...............#
#.##.##########.#
#.##.# #######.###
#.##.# #.........#
#{##)# #.#####.#.#
#.@>)# #.# #.#.#
###o)####.#####.#..
#.............###
##.#####.###......
######.÷.###...##.#####
#........)........# #
#.####...###...#.(# ##
#.# ##.## ##.##..####.
#.# ###.## ##.##.....#.


You could see an orc.

Vanquished Creatures
  Terence (D:2)
  2 gnolls (D:2)
  2 adders (D:2)
  A dart slug (D:2)
  A ribbon worm (D:2)
  8 orcs
  11 bats
  8 endoplasms
  A giant cockroach (D:1)
  7 goblins
  6 hobgoblins
  3 kobolds
  4 quokkas
  5 ball pythons
  5 frilled lizards
  3 rats (D:1)
68 creatures vanquished.

Notes
Turn   | Place    | Note
-------+----------+-------------------------------------------
     0 | D:1      | trashops the Mountain Dwarf Fighter began the quest for the
                  | Orb.
     0 | D:1      | Reached XP level 1. HP: 19/19 MP: 1/1
   126 | D:1      | Reached XP level 2. HP: 14/26 MP: 0/2
   184 | D:1      | Reached skill level 3 in Axes
   270 | D:1      | Found a faded altar of an unknown god.
   412 | D:1      | Reached XP level 3. HP: 31/31 MP: 3/3
   643 | D:2      | Noticed Terence
   649 | D:2      | Reached skill level 4 in Axes
   655 | D:2      | Killed Terence
   656 | D:2      | Reached XP level 4. HP: 32/38 MP: 4/4
  1280 | D:3      | Noticed Sigmund
  1362 | D:2      | Reached skill level 5 in Axes
  1375 | D:2      | Reached XP level 5. HP: 4/46 MP: 0/5
  1375 | D:2      | Slain by an orc

Illustrated notes

Levels and vault maps discovered:
D:1:      dpeg_arrival_shelter, layout_rooms,
          hellmonk_ecumenical_altar_slurped_away, minmay_strange_pillars
D:2:      layout_loops_ring, minmay_quadrilaterals, uniq_terence
D:3:      layout_rooms, old_standard_altar, uniq_sigmund

Skill      XL: |  1  2  3  4 |
---------------+-------------+-----
Axes           | 3 4 5 |  5.3
Fighting       | |  3.7
Armour         | |  3.9
Shields        | |  3.6

Action                     |  1- 3 |  4- 6 || total
---------------------------+-------+-------++-------
  Melee: War axe           |    96 |    74 ||   170
    Use: Scroll            |       |     2 ||     2
         Potion            |       |     2 ||     2
 Armour: Scale mail        |    96 |   103 ||   199
  Dodge: Dodged            |    57 |    56 ||   113
  Block: Buckler           |    29 |    26 ||    55

Table legend: (Time is in decaauts)
 A = Elapsed time spent in this place.
 B = Non-inter-level travel time spent in this place.
 C = Inter-level travel time spent in this place.
 D = Time resting spent in this place.
 E = Time spent auto-exploring this place.
 F = Levels seen in this place.
 G = Mean time per level.
                   A        B        C        D        E       F      G
               +--------+--------+--------+--------+--------+-----+--------+
         Total |   1433 |   1401 |     32 |     48 |    913 |   3 |  477.7 |
       Dungeon |   1433 |   1401 |     32 |     48 |    913 |   3 |  477.7 |
               +--------+--------+--------+--------+--------+-----+--------+

Top non-repeatable levels by time:
     D:2: 857 daAuts
     D:1: 557 daAuts
     D:3: 19 daAuts
